 Dungeon Sprint DCSS version 0.17-a0-2093-gc772f4b (webtiles) character file.

1512 Kidiri the Thaumaturge (level 8, -6/55 HPs)
             Began as a High Elf Ice Elementalist on Oct 16, 2015.
             Was a High Priest of Vehumet.
             Mangled by a deep troll (25 damage)
             ... in the Dungeon (Sprint VII: "The Pits").
             The game lasted 00:09:34 (1751 turns).

Kidiri the Thaumaturge (High Elf Ice Elementalist)  Turns: 1751, Time: 00:09:34

Health: -6/55      AC: 13    Str:  7    XL:     8   Next: 53%
Magic:  14/22      EV: 19    Int: 28    God:    Vehumet [*****.]
Gold:   0          SH:  0    Dex: 19    Spells: 9 memorised, 1 level left

rFire  + . .     SeeInvis .     w - +2 rapier "Soecwic" {pierce, rF+ Int+4}
rCold  . . .     Clarity  .     a - +0 robe
rNeg   . . .     SustAt   .     (no shield)
rPois  .         Gourm    .     y - +0 helmet
rElec  .         Spirit   .     (no cloak)
rCorr  .         Warding  .     x - +0 pair of gloves
rMut   .         NoTele   +     (no boots)
MR     .....                    (no amulet)
Stlth  ++........               s - +3 ring of dexterity
                                q - +3 ring of intelligence

@: icy armour, very slightly contaminated, not resistant to hostile
enchantments, unstealthy
A: no striking features
a: Renounce Religion


You were in the Dungeon.
You worshipped Vehumet.
Vehumet was extremely pleased with you.
You were not hungry.

You visited 1 branch

Inventory:

Hand Weapons
 r - a +2 quarterstaff of protection
 w - the +2 rapier "Soecwic" (weapon) {pierce, rF+ Int+4}
   (You found it in the Dungeon)

   It inflicts extra damage upon your enemies.
   It affects your intelligence (+4).
   It protects you from fire.
Armour
 a - a +0 robe (worn)
 x - a +0 pair of gloves (worn)
 y - a +0 helmet (worn)
Jewellery
 q - a +3 ring of intelligence (left hand)
 s - a +3 ring of dexterity (right hand)
Scrolls
 i - a scroll of blinking
 m - 3 scrolls of remove curse
 n - 5 scrolls of amnesia
 o - a scroll of summoning
Potions
 d - 8 potions of curing
 e - 8 potions of heal wounds
 f - a potion of haste
 g - a potion of magic
 h - 3 potions of berserk rage
 l - 2 potions of invisibility
 t - a potion of might
 u - a potion of agility
 v - a potion of resistance
Comestibles
 c - 8 bread rations
 j - 40 fruits
 k - 7 meat rations
 p - 6 chunks of flesh


   Skills:
 + Level 5.3 Fighting
 + Level 5.2 Staves
 + Level 4.8 Armour
 * Level 8.9 Dodging
 - Level 2.1 Stealth
 * Level 9.1 Spellcasting
 + Level 6.0 Conjurations
 + Level 5.6 Charms
 + Level 0.6 Summonings
 * Level 8.5 Ice Magic
 + Level 5.0 Air Magic
 + Level 3.3 Poison Magic


You had one spell level left.
You knew the following spells:

 Your Spells              Type           Power        Failure   Level  Hunger
a - Freeze                Ice            ####         1%          1    None
b - Magic Dart            Conj           ####         1%          1    None
c - Throw Frost           Conj/Ice       ######       1%          2    None
d - Searing Ray           Conj           #####.       1%          2    None
e - Ozocubu's Armour      Chrm/Ice       ######..     1%          3    None
f - Mephitic Cloud        Conj/Pois/Air  #####...     1%          3    None
g - Throw Icicle          Conj/Ice       ######..     1%          4    None
h - Condensation Shield   Ice            ######....   1%          4    None
i - Summon Ice Beast      Ice/Summ       #####...     10%         4    None


Dungeon Overview and Level Annotations

Branches:
Dungeon (1/1)

Altars:
Ashenzari
Cheibriados
Dithmenos
Elyvilon
Fedhas
Gozag
Kikubaaqudgha
Makhleb
Nemelex Xobeh
Okawaru
Qazlal
Ru
Sif Muna
Trog
Vehumet
Xom
Yredelemnul
Zin
The Shining One
Beogh
Jiyva
Lugonu


Message History

* * * LOW HITPOINT WARNING * * *
There is a huge open gate to the Metal Vault (Medium), spattered with blood here.
Unknown command.
Drink which item? (? for menu, Esc to quit)
You feel much better.
Your icy shield evaporates.
You feel sick. The deep troll misses you. The deep troll closely misses you.
The deep troll claws you!
* * * LOW HITPOINT WARNING * * *
Your ice beast hits the deep troll but does no damage.
Unknown command.
Drink which item? (? for menu, Esc to quit)
You feel better.
The deep troll barely misses your ice beast.
The deep troll claws your ice beast! x2
Your ice beast misses the deep troll.
You hit the deep troll but do no damage.
The deep troll is severely wounded.
The deep troll bites you!!
You die...

+##############++######
.+..##................#
.#?(##......#..#......#
+#####................+
.....+................+
+#####......#..#......#
.#..##................#
.+..#####+#####''######
##+###.......##Y@#
....##.......##T........
....##.......##.........
+#####...<...##..#####..
))[.##.......##..+
))[.##.......##..#
######.......##..#
.#..###########..#
.#.###########


You could see a deep troll and a friendly ice beast.

Vanquished Creatures
  A hill giant (D)
  A molten gargoyle (D)
  A hungry ghost (D)
  2 porcupines (D)
  A centaur (D)
  A gnoll sergeant (D)
  A giant frog (D)
  A jelly (D)
  A hell rat (D)
  An ufetubus (D)
  An ooze (D)
  2 giant cockroaches (D)
  A hobgoblin (D)
  4 jackals (D)
  A quokka (D)
  2 ball pythons (D)
  2 bats (D)
  A kobold (D)
  A rat (D)
26 creatures vanquished.

Vanquished Creatures (collateral kills)
  A spiny frog (D)
1 creature vanquished.

Grand Total: 27 creatures vanquished

Notes
Turn   | Place    | Note
--------------------------------------------------------------
     0 | D        | Kidiri the High Elf Ice Elementalist began the quest for the Orb.
     0 | D        | Reached XP level 1. HP: 11/11 MP: 4/4
    47 | D        | Found a sacrificial altar of Ru.
    47 | D        | Found a basalt altar of Yredelemnul.
    47 | D        | Found a shadowy altar of Dithmenos.
    47 | D        | Found a deep blue altar of Sif Muna.
    47 | D        | Found a burning altar of Makhleb.
    47 | D        | Found a shimmering altar of Xom.
    47 | D        | Found an ancient bone altar of Kikubaaqudgha.
    47 | D        | Found a sparkling altar of Nemelex Xobeh.
    48 | D        | Found a glowing golden altar of the Shining One.
    48 | D        | Found a bloodstained altar of Trog.
    48 | D        | Found a shattered altar of Ashenzari.
    48 | D        | Found a white marble altar of Elyvilon.
    48 | D        | Found a snail-covered altar of Cheibriados.
    48 | D        | Found a blossoming altar of Fedhas.
    48 | D        | Found a radiant altar of Vehumet.
    48 | D        | Found a glowing silver altar of Zin.
    48 | D        | Found a corrupted altar of Lugonu.
    48 | D        | Found a viscous altar of Jiyva.
    48 | D        | Found a roughly hewn altar of Beogh.
    48 | D        | Found an iron altar of Okawaru.
    54 | D        | Found a stormy altar of Qazlal.
    54 | D        | Found an opulent altar of Gozag.
    56 | D        | Became a worshipper of Vehumet
    91 | D        | Reached * piety under Vehumet
    91 | D        | Offered knowledge of Magic Dart by Vehumet.
   113 | D        | Learned a level 1 spell: Magic Dart
   119 | D        | Reached skill level 1 in Fighting
   119 | D        | Reached skill level 1 in Armour
   119 | D        | Reached XP level 2. HP: 2/18 MP: 1/7
   126 | D        | Learned a level 2 spell: Throw Frost
   376 | D        | Noticed a giant frog
   387 | D        | Killed a giant frog
   387 | D        | Reached ** piety under Vehumet
   387 | D        | Offered knowledge of Searing Ray by Vehumet.
   387 | D        | Reached skill level 4 in Dodging
   387 | D        | Reached XP level 3. HP: 11/24 MP: 3/10
   387 | D        | Reached XP level 4. HP: 13/29 MP: 3/11
   557 | D        | Learned a level 2 spell: Searing Ray
   561 | D        | Learned a level 3 spell: Ozocubu's Armour
   766 | D        | Noticed a porcupine
   767 | D        | Offered knowledge of Mephitic Cloud by Vehumet.
   771 | D        | Reached *** piety under Vehumet
   778 | D        | Killed a porcupine
   778 | D        | Reached skill level 5 in Dodging
   778 | D        | Reached skill level 5 in Spellcasting
   778 | D        | Reached skill level 5 in Ice Magic
   778 | D        | Reached XP level 5. HP: 30/36 MP: 5/14
   784 | D        | Noticed a porcupine
   784 | D        | Noticed a hungry ghost
   789 | D        | Learned a level 3 spell: Mephitic Cloud
   918 | D        | Killed a hungry ghost
   918 | D        | Offered knowledge of Force Lance by Vehumet.
   918 | D        | Reached skill level 6 in Dodging
   918 | D        | Reached skill level 1 in Air Magic
   918 | D        | Reached skill level 1 in Poison Magic
   918 | D        | Reached XP level 6. HP: 36/42 MP: 6/16
   920 | D        | Killed a porcupine
   920 | D        | Reached **** piety under Vehumet
   920 | D        | Reached skill level 7 in Spellcasting
  1010 | D        | Learned a level 4 spell: Throw Icicle
  1049 | D        | Noticed a gnoll sergeant
  1059 | D        | Killed a gnoll sergeant
  1154 | D        | Noticed a hill giant
  1274 | D        | Killed a hill giant
  1274 | D        | Offered knowledge of Olgreb's Toxic Radiance by Vehumet.
  1274 | D        | Reached skill level 8 in Dodging
  1274 | D        | Reached skill level 5 in Conjurations
  1274 | D        | Reached skill level 5 in Charms
  1274 | D        | Reached XP level 7. HP: 47/49 MP: 9/19
  1445 | D        | Learned a level 4 spell: Condensation Shield
  1447 | D        | Noticed a jelly
  1453 | D        | Killed a jelly
  1453 | D        | Reached ***** piety under Vehumet
  1453 | D        | Offered knowledge of Fulminant Prism by Vehumet.
  1565 | D        | Noticed a centaur
  1565 | D        | Noticed a hell rat
  1565 | D        | Noticed a molten gargoyle
  1575 | D        | Killed a molten gargoyle
  1575 | D        | Reached skill level 5 in Fighting
  1575 | D        | Reached XP level 8. HP: 41/55 MP: 9/21
  1576 | D        | Killed a hell rat
  1576 | D        | Reached skill level 5 in Staves
  1584 | D        | Killed a centaur
  1628 | D        | Got the +2 rapier "Soecwic" {pierce, rF+ Int+4}
  1655 | D        | Learned a level 4 spell: Summon Ice Beast
  1738 | D        | Noticed a spiny frog
  1738 | D        | Noticed a deep troll
  1745 | D        | Killed a spiny frog
  1745 | D        | Reached skill level 9 in Spellcasting
  1745 | D        | Reached skill level 5 in Air Magic
  1751 | D        | Mangled by a deep troll

Vault maps used:
D:        pitsprint

Action                   |  1- 3 |  4- 6 |  7- 9 || total
-------------------------+-------+-------+-------++-------
Melee: Quarterstaff      |     3 |    14 |     2 ||    19
       Rapier            |       |       |     3 ||     3
 Cast: Freeze            |    11 |     9 |     4 ||    24
       Magic Dart        |     1 |     4 |     2 ||     7
       Throw Frost       |     1 |     4 |     1 ||     6
       Ozocubu's Armour  |       |     4 |     3 ||     7
       Searing Ray       |       |     2 |       ||     2
       Mephitic Cloud    |       |     2 |     2 ||     4
       Throw Icicle      |       |     6 |    13 ||    19
       Condensation Shie |       |       |     3 ||     3
       Summon Ice Beast  |       |       |     1 ||     1
  Use: Potion            |     1 |     1 |     4 ||     6
 Stab: Sleeping          |       |     2 |       ||     2
  Eat: Chunk             |       |     3 |     3 ||     6
